 Dungeon Crawl Stone Soup version 0.31-a0-705-ga145531891 (webtiles) character file.

Game seed: 2854009276464701072

327 qw the Shooter (level 6, -7/38 HPs)
             Began as a Gargoyle Hunter on Sept 9, 2023.
             Killed from afar by an orc wizard (8 damage)
             ... with a magic dart
             ... on level 4 of the Dungeon.
             The game lasted 00:00:51 (2090 turns).

qw the Shooter (Gargoyle Hunter)                    Turns: 2090, Time: 00:00:52

Health: -7/38      AC: 12    Str: 14    XL:     6   Next: 50%
Magic:  6/6        EV: 12    Int: 10    God:
Gold:   77         SH:  0    Dex: 15    Spells: 5/5 levels left

rFire   . . .        Y - +1 shortbow
rCold   . . .        (shield currently unavailable)
rNeg    + . .        a - +1 robe {Will+}
rPois   inf          d - +0 helmet
rElec   +            (no cloak)
rCorr   .            (no gloves)
SInv    .            (no boots)
Will    +....        (no amulet)
Stlth   ++           g - +4 ring of protection
HPRegen 0.26/turn    (no ring)
MPRegen 0.10/turn

%: no passive effects
@: no status effects
A: sickness immunity, AC +4, negative energy resistance 1, electricity
resistance, torment resistance 1, petrification resistance
a: no special abilities


You were on level 4 of the Dungeon.
You visited 1 branch of the dungeon, and saw 4 of its levels.

You collected 155 gold pieces.
You spent 78 gold pieces at shops.


Innate Abilities, Weirdness & Mutations

You are immune to sickness and miasma.
Your stone body is resilient. (AC +4)
You are immune to poison.
You resist negative energy. (rN+)
You are resistant to electric shocks. (rElec)
You are resistant to unholy torment.
You are immune to petrification.


   Skills:
 + Level 3.9 Fighting
 - Level 6.8 Ranged Weapons
 - Level 1.2 Armour
 - Level 1.5 Dodging
 - Level 1.1 Stealth


You had 5 spell levels left.
You didn't know any spells.
Your spell library was empty.

Inventory:

Hand Weapons
 Y - a +1 shortbow (weapon)
Armour
 a - a +1 robe of willpower (worn)
 c - a +3 ring mail
 d - a +0 helmet (worn)
 e - a +0 ring mail
Jewellery
 g - a +4 ring of protection (left hand)
Potions
 b - 3 potions of curing
 f - a potion of might {unknown}
 i - a potion of magic {unknown}

Dungeon Overview and Level Annotations

Branches:
Dungeon (4/15)
 Temple: D:4-7

Altars:

Shops:
D:2 *[[*:


Message History

The orc priest hits you but does no damage.
The ufetubus misses you.
The ufetubus hits you but does no damage.
2084 |||
Found retreat position at -1,0 (ufetubus; floor) with 0 blocking monsters and 1 monsters attacking at destination at distance 1 You shoot an arrow.
The arrow hits the orc priest.
The orc priest is almost dead.
The ufetubus misses you. The ufetubus hits you.
The orc priest hits you but does no damage.
The orc wizard casts a spell.
The orc wizard flickers and vanishes!
Deactivating autopickup; reactivate with Ctrl-A.
The ufetubus barely misses you.
The ufetubus hits you but does no damage.
You shoot an arrow. The arrow hits the orc priest.
You kill the orc priest!
The ufetubus barely misses you. The ufetubus closely misses you. x3
You shoot an arrow. The arrow closely misses the ufetubus.
Something hits you but does no damage. The ufetubus barely misses you.
The ufetubus closely misses you.
You shoot an arrow. The arrow hits the ufetubus.
The ufetubus is almost dead.
The ufetubus hits you. The ufetubus closely misses you.
You hear some strange, mumbled words.
A puff of flame appears from out of thin air!
The puff of flame hits you! The ufetubus barely misses you.
The ufetubus closely misses you. Something hits you but does no damage.
You shoot an arrow. The arrow misses the ufetubus.
The ufetubus hits you but does no damage.
The ufetubus closely misses you. Something hits you.
You shoot an arrow. The arrow misses the ufetubus.
The ufetubus barely misses you. The ufetubus closely misses you.
The ufetubus misses you. The ufetubus barely misses you.
Something hits you but does no damage.
You shoot an arrow. The arrow closely misses the ufetubus.
The ufetubus hits you.
The ufetubus hits you but does no damage.
You hear some strange, mumbled words.
A magic dart appears from out of thin air!
The magic dart hits you!
You die...

#####.########
#.########
########.........
................>
#########.######.
#### #.# .....
#.... #.#......
#.....###.#......
......5@{)'......
.########.#.....
...!..........[.
###......######.
#..##..# #. #..#
# ...# #... #...


You could see an ufetubus.

Vanquished Creatures
  Sigmund (D:3)
  An orc priest (D:4)
  Natasha (D:3)
  Robin (D:2)
  2 adders
  A worm (D:2)
  2 dart slugs (D:2)
  4 orcs
  4 ball pythons
  An endoplasm (D:1)
  4 giant cockroaches
  14 goblins
  6 hobgoblins
  4 jackals (D:1)
  4 quokkas
  6 bats
  2 frilled lizards
  3 kobolds
  4 rats
65 creatures vanquished.

Vanquished Creatures (others)
  An orc wizard (D:4)
1 creature vanquished.

Grand Total: 66 creatures vanquished

Notes
Turn   | Place    | Note
-------+----------+-------------------------------------------
     0 | D:1      | qw the Gargoyle Hunter began the quest for the Orb.
     0 | D:1      | Reached XP level 1. HP: 12/12 MP: 1/1
     0 | D:1      | 0 ||| qw: Version: 0.3-a-80-g6052c40
     0 | D:1      | 0 ||| qw: Game counter: 1322
     0 | D:1      | 0 ||| qw: Melee chars always use a shield: true
     0 | D:1      | 0 ||| qw: God list: Okawaru
     0 | D:1      | 0 ||| qw: Allow faded altars: false
     0 | D:1      | 0 ||| qw: Do Orc after clearing Dungeon:15 true
     0 | D:1      | 0 ||| qw: Do second Lair branch before Depths: true
     0 | D:1      | 0 ||| qw: Lair rune preference: random
     0 | D:1      | 0 ||| qw: Goals: Normal
     0 | D:1      | 0 ||| PLANNING D:1-11
   244 | D:1      | Reached XP level 2. HP: 17/17 MP: 2/2
   637 | D:1      | 637 ||| UPGRADING to +4 ring of protection.
   638 | D:1      | 638 ||| READING scroll labelled QOINUNUWAI.
   639 | D:1      | 639 ||| READING scroll labelled MEOBYR YHUWK.
   640 | D:1      | 640 ||| DRINKING 2 ruby potions.
   641 | D:1      | 641 ||| DRINKING 2 fizzy coppery potions.
   673 | D:1      | 673 ||| DROPPING scroll of butterflies.
   674 | D:1      | 674 ||| DROPPING potion of lignification.
   682 | D:2      | Found Qausuv's Armour Shop.
   682 | D:2      | Found Vocyi's General Store.
   687 | D:2      | 687 ||| SHOPLISTING +0 pair of boots (49 gold, have 41).
   687 | D:2      | 687 ||| SHOPLISTING +0 ring mail (44 gold, have 41).
   687 | D:2      | 687 ||| SHOPLISTING +2 robe (139 gold, have 41).
   689 | D:2      | Found Killod's Book Shoppe.
   694 | D:2      | 694 ||| SHOPLISTING +1 ring mail of cold resistance (192
                  | gold, have 41).
   694 | D:2      | 694 ||| SHOPLISTING +2 pair of boots of rampaging (258
                  | gold, have 41).
   733 | D:2      | Reached XP level 3. HP: 21/21 MP: 3/3
   790 | D:2      | Reached skill level 5 in Ranged Weapons
   802 | D:2      | Identified the +4 morningstar of Yriodoun {freeze, rPois
                  | Int+4}
   829 | D:2      | Noticed Robin
   852 | D:2      | Reached skill level 3 in Fighting
   852 | D:2      | Reached XP level 4. HP: 10/28 MP: 4/4
   856 | D:2      | Killed Robin
   856 | D:2      | HP: 5/28 [goblin/+0 club[Robin] (6)]
   857 | D:2      | 857 ||| DRINKING potion of heal wounds.
  1176 | D:2      | Found Yqeply's General Store.
  1180 | D:2      | 1180 ||| SHOPLISTING +3 ring mail of cold resistance (338
                  | gold, have 91).
  1180 | D:2      | 1180 ||| BUYING 2 potions of curing (78 gold).
  1180 | D:2      | Bought 2 potions of curing for 78 gold pieces
  1180 | D:2      | 1180 ||| SHOPLISTING scroll of teleportation (39 gold, have
                  | 13).
  1308 | D:2      | Found Daqeam's Armour Shop.
  1311 | D:2      | 1311 ||| SHOPLISTING +0 pair of gloves (49 gold, have 13).
  1311 | D:2      | 1311 ||| SHOPLISTING +1 leather armour of the Demon Prince
                  | {rElec rPois} (277 gold, have 13).
  1311 | D:2      | 1311 ||| SHOPLISTING +3 leather armour of willpower (264
                  | gold, have 13).
  1311 | D:2      | 1311 ||| UPGRADING to +0 helmet.
  1316 | D:2      | 1316 ||| READING scroll labelled NAEPIN SETSE.
  1317 | D:2      | 1317 ||| READING scroll labelled WENLOLE UTWYX.
  1318 | D:2      | 1318 ||| READING scroll labelled OBUASSE ACEIL.
  1362 | D:3      | Noticed Sigmund
  1369 | D:3      | 1369 ||| DRINKING 3 potions of curing.
  1369 | D:3      | 1369 ||| (to cure confusion)
  1372 | D:3      | Killed Sigmund
  1373 | D:3      | Reached skill level 6 in Ranged Weapons
  1373 | D:3      | Reached XP level 5. HP: 32/32 MP: 5/5
  1373 | D:3      | Reached XP level 6. HP: 37/37 MP: 6/6
  1576 | D:3      | Reached skill level 1 in Armour
  1694 | D:3      | Noticed Natasha
  1702 | D:3      | Killed Natasha
  1919 | D:3      | 1919 ||| UPGRADING to +1 robe of willpower.
  1929 | D:3      | 1929 ||| DROPPING +0 leather armour.
  1930 | D:3      | 1930 ||| READING scroll labelled LIAWNA PEVVIPO.
  2069 | D:4      | 2069 ||| RETREATING.
  2073 | D:4      | 2073 ||| Stepping ~*~*~tactically~*~*~ (retreating).
  2074 | D:4      | 2074 ||| Stepping ~*~*~tactically~*~*~ (retreating).
  2087 | D:4      | HP: 4/38 [something/puff of flame (10)]
  2090 | D:4      | HP: 1/38 [ufetubus (3)]
  2090 | D:4      | Killed from afar by an orc wizard

Levels and vault maps discovered:
D:1:      scummos_arrival_simple_crosswalls, layout_loops_ring
D:2:      minmay_general_purpose_star, layout_rooms, serial_shops,
          nicolae_shop_peninsula, shop, nicolae_shop_back_alley_shop, shop,
          shop, minmay_pentomino_z2, uniq_robin
D:3:      layout_loops_cross, uniq_natasha, uniq_sigmund
D:4:      layout_basic, serial_shops, shop, hangedman_decor_lopped,
          uniq_eustachio, uniq_blork_the_orc

Skill      XL: |  1  2  3  4  5  6 |
---------------+-------------------+-----
Ranged Weapons | 5 6 |  6.8
Fighting       | 3 |  3.9
Armour         | 1 |  1.2
Dodging        | |  1.5
Stealth        | |  1.1

Action                     |  1- 3 |  4- 6 || total
---------------------------+-------+-------++-------
   Fire: Shortbow          |   110 |   103 ||   213
    Use: Scroll            |     2 |     4 ||     6
         Potion            |     2 |     2 ||     4
 Armour: Leather armour    |    50 |    19 ||    69
         Robe              |       |    32 ||    32
  Dodge: Dodged            |    37 |    45 ||    82

Table legend:
 A = Non-vault XP
 B = Vault XP
 C = Vault XP percentage of total XP
 D = Non-vault monster count
 E = Vault monster count
 F = Vault count percentage of total count
                 A         B        C        D         E       F
            +---------+---------+-------+---------+---------+-------
      Total |     159 |     309 |  66.0 |      46 |      20 |  30.3
            +---------+---------+-------+---------+---------+-------
        D:1 |      27 |       0 |   0.0 |      17 |       0 |   0.0
        D:2 |      22 |      60 |  73.2 |      10 |      18 |  64.3
        D:3 |      37 |     249 |  87.1 |      14 |       2 |  12.5
        D:4 |      73 |       0 |   0.0 |       5 |       0 |   0.0
            +---------+---------+-------+---------+---------+-------
